 Dungeon Crawl Stone Soup version 0.29.1-4-g47bece8355 (webtiles) character file.

Game seed: 12386081338637932602

1621 FexLirch the Destroyer (level 9, -3/67 HPs)
             Began as a Meteoran Conjurer on Dec 10, 2022.
             Was a Believer of Vehumet.
             Slain by an orc warrior
             ... wielding a +0 war axe
              (10 damage)
             ... in a bailey.
             The game lasted 00:36:35 (2570 turns).

FexLirch the Destroyer (Meteoran Conjurer)          Turns: 2570, Time: 00:36:36

Health: -3/67      AC:  4    Str:  9    XL:     9   Next: 40%
Magic:  9/16       EV: 13    Int: 23    God:    Vehumet [**....]
Gold:   331        SH:  0    Dex: 14    Spells: 3/16 levels left

rFire   . . .      SeeInvis .   r - +3 dagger (speed)
rCold   + . .      Faith    .   (no shield)
rNeg    . . .      Spirit   .   k - +1 leather armour {rC+}
rPois   .          Reflect  .   (no helmet)
rElec   .          Harm     .   (no cloak)
rCorr   .          Rampage  .   (no gloves)
Will    +....                   (no boots)
Stlth   +.........              s - amulet of the acrobat
HPRegen 0.21/turn               (no ring)
MPRegen 0.15/turn               (no ring)

@: brilliant, on blink cooldown, glowing, unable to read
A: sense surroundings 2, otherworldly, glowing, explore regen, talons 1,
inability to read after injury 1
a: Renounce Religion


You were in a bailey.
You worshipped Vehumet.
Vehumet was pleased with you.
You visited 2 branches of the dungeon, and saw 9 of its levels.
You also visited: Ossuary and Bailey.

You collected 331 gold pieces.

Inventory:

Hand Weapons
 m - a +2 spear of flaming
 r - a +3 dagger of speed (weapon)
Missiles
 g - 4 atropa-tipped darts
 l - 2 throwing nets
Armour
 k - a +1 leather armour of cold resistance (worn)
 n - a +0 kite shield
Magical Staves
 p - a staff of poison
Jewellery
 s - an amulet of the acrobat (around neck)
Wands
 q - a wand of polymorph (27)
Scrolls
 c - a scroll of fog
 o - 2 scrolls of teleportation
 w - a scroll of torment {unknown}
Potions
 a - a potion of brilliance
 b - a potion of magic
 d - 2 potions of attraction {unknown}
 e - 2 potions of might {unknown}
 h - 2 potions of cancellation {unknown}
 i - a potion of lignification {unknown}
 j - 3 potions of berserk rage
 t - 2 potions of mutation
 v - a potion of heal wounds {unknown}
 x - a potion of flight {unknown}
 z - a potion of degeneration {unknown}


   Skills:
 + Level 2.1 Fighting
 + Level 4.1 Dodging
 - Level 1.4 Stealth
 + Level 4.0 Spellcasting
 * Level 10.4 Conjurations
 * Level 7.5 Hexes


You had 3 spell levels left.
You knew the following spells:

 Your Spells              Type           Power      Damage    Failure   Level
a - Magic Dart            Conj           100%       1d8       1%          1
b - Searing Ray           Conj           100%       2d8       1%          2
c - Blink                 Tloc           12%        N/A       22%         2
d - Fulminant Prism       Conj/Hex       31%        3d16      3%          4
e - Cause Fear            Hex            28%        N/A       7%          4

Your spell library contained the following spells:

 Spells                   Type           Power      Damage    Failure   Level
 Stone Arrow              Conj/Erth      86%        3d12      4%          3
 Dazzling Flash           Conj/Hex       100%       N/A       1%          3
 Inner Flame              Hex/Fire       32%        N/A       10%         3
 Mephitic Cloud           Conj/Pois/Air  31%        N/A       11%         3
 Call Imp                 Summ           6%         N/A       22%         2
 Ignite Poison            Fire/Tmut/Pois 6%         N/A       41%         3
 Lesser Beckoning         Tloc           6%         N/A       41%         3
 Iskenderun's Mystic Bla  Conj/Tloc      43%        2d10      17%         4
 Freezing Cloud           Conj/Ice/Air   15%        6-21      67%         5
 Manifold Assault         Tloc           6%         N/A       99%         5
 Storm Form               Tmut/Air       3%         N/A       100%        7
 Discord                  Hex            28%        N/A       100%        8


Dungeon Overview and Level Annotations

Branches:
Dungeon (8/15) Zot: 2701   Temple (1/1) D:4 Zot: 545 Ossuary (visited)
 Bailey (1/1) Zot: 476
   Lair: D:8-11

Altars:
Fedhas
Kikubaaqudgha
Nemelex Xobeh
Qazlal
Sif Muna
Trog
Uskayaw
Vehumet
Wu Jian
Zin
The Shining One

Shops:
D:3 *

Annotations:
D:6 Grinder


Innate Abilities, Weirdness & Mutations

You passively map the area around you.
You are easily found by Zot.
You glow in the dark.
You regain HP and MP as you explore.
You have sharp toenails.
You occasionally lose the ability to read scrolls when taking damage.


Message History

An orc warrior comes into view. It is wielding a +0 war axe.
The goblin shouts!
Casting: Blink (safe; 22% risk of failure)
Confirm with . or Enter, or press ? or * to list all spells.
Aiming: Searing Ray (safe; 1% risk of failure)
Press: ? - help, Shift-Dir - straight line, f - orc
Aim: an orc, wielding a +0 hand axe and wearing a +0 leather armour (83% to hit)
Okay, then.
Unknown command.
Unknown command.
The orc warrior misses you. The orc completely misses you.
Unknown command.
Unknown command.
The orc attacks as you move away! The orc barely misses you.
You feel stable enough to blink again. The orc warrior completely misses you.
The orc closely misses you.
Your magical contamination has completely faded away.
Unknown command.
Unknown command.
The orc warrior attacks as you move away!
The orc warrior hits you with a +0 war axe!!
* * * LOW HITPOINT WARNING * * *
An orc warrior comes into view. It is wielding a +0 hand axe.
The orc warrior shouts!
You hear a shout! x2
The orc warrior hits you with a +0 war axe.
* * * LOW HITPOINT WARNING * * *
Unknown command.
Unknown command.
The gnoll misses you.
Unknown command.
Unknown command.
Okay, then.
Unknown command.
Unknown command.
Casting: Searing Ray (safe; 1% risk of failure)
Confirm with . or Enter, or press ? or * to list all spells.
You feel a surge of power!
You blink.
The orc warrior hits you with a +0 war axe!
You feel threatened and lose the ability to read scrolls!
You die...

* * , , , *,
, , * ,
#######,,. ,
, ,
##.....##.. ,
#@....o.'o.
,,
##.ooo...## ,
#..oo.g...# *
##.go§.....#
8,
#....o⌠.....#
*'*
##.........##
,
#.........#,
##.......## ,
#.......#, ,


You could see 4 orc warriors, a gnoll, 4 orcs and a goblin.

Vanquished Creatures
  A wraith (Ossuary)
  Duvessa (D:4)
  2 water moccasins (D:7)
  3 orc warriors (Bailey)
  2 bullfrogs
  A necrophage (D:4)
  2 scorpions
  A gnoll sergeant (D:5)
  Dowan (D:4)
  A jelly (D:8)
  A hound (D:6)
  2 iguanas
  3 orc wizards (D:6)
  A mummy (Ossuary)
  7 gnolls
  7 adders
  A shadow imp (D:6)
  A white imp (D:6)
  An ufetubus (D:7)
  3 worms
  2 dart slugs
  16 orcs
  5 bats
  3 endoplasms
  2 giant cockroaches
  8 goblins
  7 hobgoblins
  4 jackals
  2 quokkas
  7 ball pythons
  3 frilled lizards
  7 gnoll skeletons (Ossuary)
  3 kobolds
  8 kobold skeletons (Ossuary)
  10 orc skeletons (Ossuary)
  2 rats (D:1)
131 creatures vanquished.

Vanquished Creatures (others)
  10 fulminant prisms
  A fungus (D:8)
  A plant (D:8)
12 creatures vanquished.

Grand Total: 143 creatures vanquished

Notes
Turn   | Place    | Note
-------+----------+-------------------------------------------
     0 | D:1      | FexLirch the Meteoran Conjurer began the quest for the Orb.
     0 | D:1      | Reached XP level 1. HP: 14/14 MP: 5/5
    36 | D:1      | Reached skill level 5 in Conjurations
    70 | D:1      | Reached XP level 2. HP: 20/20 MP: 2/6
   139 | D:2      | Found a faded altar of an unknown god.
   238 | D:2      | Reached XP level 3. HP: 26/26 MP: 4/8
   262 | D:1      | Learned a level 2 spell: Searing Ray
   265 | D:1      | Learned a level 2 spell: Blink
   307 | D:1      | Reached skill level 6 in Conjurations
   437 | D:2      | Found a sparkling altar of Nemelex Xobeh.
   498 | D:2      | Reached XP level 4. HP: 33/33 MP: 7/9
   623 | D:3      | Found Gixol's Assorted Antiques.
   731 | D:3      | You fall into a shaft and drop 2 floors!
   731 | D:5      | Entered Level 5 of the Dungeon
   755 | D:5      | Reached skill level 7 in Conjurations
   755 | D:5      | Reached XP level 5. HP: 32/38 MP: 4/10
   760 | D:5      | Learned a level 4 spell: Fulminant Prism
   860 | D:5      | Noticed a gnoll sergeant
   866 | D:5      | Reached skill level 1 in Hexes
   866 | D:5      | Killed a gnoll sergeant
   867 | D:5      | Reached XP level 6. HP: 24/45 MP: 2/11
   947 | D:4      | Found a staircase to the Ecumenical Temple.
   971 | Temple   | Entered the Ecumenical Temple
  1000 | Temple   | Became a worshipper of Vehumet
  1141 | D:4      | Found an ancient bone altar of Kikubaaqudgha.
  1143 | D:4      | Noticed Duvessa
  1144 | D:4      | Noticed Dowan
  1171 | D:4      | Killed Duvessa
  1172 | D:4      | Reached skill level 8 in Conjurations
  1172 | D:4      | Reached XP level 7. HP: 45/50 MP: 3/12
  1174 | D:4      | Killed Dowan
  1212 | D:4      | Found a stormy altar of Qazlal.
  1212 | D:4      | Found a shimmering blue altar of Sif Muna.
  1293 | D:4      | Found a glowing golden altar of the Shining One.
  1689 | D:6      | Reached skill level 5 in Hexes
  1689 | D:6      | Reached XP level 8. HP: 57/57 MP: 8/13
  1695 | D:6      | Learned a level 4 spell: Cause Fear
  1760 | D:6      | Noticed a +0 dagger
  1761 | D:6      | Noticed a +0 dagger
  1764 | D:6      | Found a hide-covered altar of Uskayaw.
  1893 | D:6      | Reached skill level 9 in Conjurations
  1951 | D:6      | Reached * piety under Vehumet
  1951 | D:6      | Offered knowledge of Shock by Vehumet.
  1981 | D:6      | Found a sand-covered staircase.
  1986 | Ossuary  | Entered an ossuary
  1986 | Ossuary  | Noticed a wraith
  1986 | Ossuary  | Noticed a wraith
  1986 | Ossuary  | Noticed a wraith
  2101 | Ossuary  | Noticed a wraith
  2125 | Ossuary  | Killed a wraith
  2125 | Ossuary  | Offered knowledge of Foxfire by Vehumet.
  2163 | Ossuary  | Reached ** piety under Vehumet
  2289 | D:6      | Noticed Grinder
  2354 | D:7      | Found a glowing silver altar of Zin.
  2380 | D:7      | Reached skill level 1 in Fighting
  2380 | D:7      | Gained mutation: You passively map the area around you.
                  | [Meteoran growth]
  2380 | D:7      | Reached XP level 9. HP: 55/64 MP: 7/15
  2402 | D:7      | Found a flagged portal.
  2411 | D:7      | Reached skill level 10 in Conjurations
  2442 | Bailey   | Entered a bailey
  2521 | Bailey   | Offered knowledge of Stone Arrow by Vehumet.
  2545 | Bailey   | HP: 3/67 [orc warrior/+0 war axe (10)]
  2551 | Bailey   | Gained mutation: You occasionally lose the ability to read
                  | scrolls when taking damage. [potion of mutation]
  2551 | Bailey   | Gained mutation: You have sharp toenails. [potion of
                  | mutation]
  2570 | Bailey   | Slain by an orc warrior

Illustrated notes

Levels and vault maps discovered:
D:1:      ncdulo_lavacross, layout_basic
D:2:      layout_loops_ring, basic_altar, shapermc_ecumenical_altar_ellora,
          minivault_11
D:3:      layout_rooms, serial_shops, shop, interstate_on_off
D:4:      layout_layer_cave, amcnicky_altar_gilded, grunt_temple_overflow_open,
          minmay_temple_entry_overgrown, serial_co_window_serial,
          co_window_paths_a, co_window_of_opportunity_a, co_window_corner_a,
          co_window_paths_b, co_window_cross_1, co_window_corner_cb,
          co_window_2corner, co_window_of_opportunity_c, co_window_paths_c,
          co_window_broadway_b, co_window_paths_c, uniq_duvessa
D:5:      minmay_evil_eye, layout_basic
D:6:      layout_basic, dancing_weapons_uskayaw, enter_ossuary_2, minmay_holes,
          dk_noncrumbling_4, eino_small_chamber_without_monster, minivault_26,
          uniq_grinder, uniq_eustachio
D:7:      layout_basic, nicolae_overflow_crystal_walls, enter_bailey_6
D:8:      layout_cave_pods, nicolae_ru_path_of_blood, minmay_lair_entry_grove,
          uniq_gastronok
Temple:   dpeg_chambers_temple
Bailey:   bailey_axe_minmay_hex_keep, bailey

Skill      XL: |  1  2  3  4  5  6  7  8  9 |
---------------+----------------------------+-----
Conjurations   | 5 6 7 8 9 10 | 10.4
Hexes          | 2 3 5 6 7 |  7.5
Spellcasting   | 3 4 |  4.0
Dodging        | 3 4 |  4.1
Fighting       | 1 2 |  2.1
Stealth        | |  1.4

Action                   |  1- 3 |  4- 6 |  7- 9 || total
-------------------------+-------+-------+-------++-------
Melee: Unarmed           |     4 |       |       ||     4
       Dagger            |       |     5 |    38 ||    43
       Punch             |       |       |     2 ||     2
 Cast: Magic Dart        |    49 |    31 |   102 ||   182
       Searing Ray       |       |     6 |    14 ||    20
       Fulminant Prism   |       |     2 |     8 ||    10
       Blink             |       |       |     4 ||     4
  Use: Scroll            |       |       |     6 ||     6
       Potion            |       |       |     3 ||     3
 Stab: Sleeping          |       |       |     1 ||     1
Armor: Robe              |     3 |     2 |       ||     5
       Leather armour    |       |     1 |     5 ||     6
Dodge: Dodged            |     3 |     8 |    33 ||    44
